 Dungeon Crawl Stone Soup version 0.28-a0-691-gad6df49e81 (webtiles) character file.

Game seed: 15448134945114317641

967 pascalblue the Conjurer (level 7, -2/36 HPs)
             Began as a Deep Elf Conjurer on Oct 21, 2021.
             Slain by a gnoll (12 damage)
             ... on level 5 of the Dungeon.
             The game lasted 00:14:49 (4211 turns).

pascalblue the Conjurer (Deep Elf Conjurer)         Turns: 4211, Time: 00:14:50

Health: -2/36      AC:  7    Str:  4    XL:     7   Next: 93%
Magic:  3/19       EV: 13    Int: 25    God:
Gold:   233        SH:  0    Dex: 19    Spells: 9/20 levels left

rFire   . . .      SeeInvis .   g - +0 flail (protect)
rCold   . . .      Faith    .   (no shield)
rNeg    + . .      Spirit   .   a - +0 robe
rPois   .          Reflect  .   r - +2 helmet
rElec   .          Harm     .   (no cloak)
rCorr   .          Rampage  .   n - +0 pair of gloves
Will    .....                   q - +0 pair of boots
Stlth   +++.......              h - amulet of magic regeneration
HPRegen 0.12/turn               b - +6 ring of dexterity
MPRegen 0.41/turn               l - ring of positive energy

@: no status effects
A: no striking features
a: no special abilities


You were on level 5 of the Dungeon.
You visited 1 branch of the dungeon, and saw 5 of its levels.

You collected 233 gold pieces.

Inventory:

Hand Weapons
 g - a +0 flail of protection (weapon)
Armour
 a - a +0 robe (worn)
 n - a +0 pair of gloves (worn)
 q - a +0 pair of boots (worn)
 r - a +2 helmet (worn)
Jewellery
 b - a +6 ring of dexterity (left hand)
 c - a ring of protection from cold
 h - an amulet of magic regeneration (around neck)
 l - a ring of positive energy (right hand)
 o - an amulet of regeneration
Scrolls
 u - a scroll of teleportation
Potions
 d - a potion of cancellation
 e - 2 potions of curing
 f - 4 potions of flight
 i - 3 potions of berserk rage
 j - a potion of invisibility {unknown}
 k - a potion of heal wounds {unknown}
 m - a potion of brilliance {unknown}
 p - a potion of haste {unknown}
 s - a potion of magic {unknown}
 t - 2 potions of degeneration {unknown}
 v - a potion of might {unknown}


   Skills:
 - Level 3.1 Dodging
 - Level 3.2 Stealth
 + Level 7.2 Spellcasting
 + Level 7.5 Conjurations
 * Level 3.9 Hexes
 * Level 3.2 Translocations


You had 9 spell levels left.
You knew the following spells:

 Your Spells              Type           Power      Damage    Failure   Level
a - Magic Dart            Conj           100%       1d8       1%          1
b - Searing Ray           Conj           92%        2d7       1%          2
c - Fulminant Prism       Conj/Hex       18%        3d11      6%          4
d - Iskenderun's Mystic   Conj/Tloc      36%        2d9       7%          4

Your spell library contained the following spells:

 Spells                   Type           Power      Damage    Failure   Level
 Slow                     Hex            28%        N/A       1%          2
 Dazzling Flash           Conj/Hex       74%        N/A       1%          3
 Confusing Touch          Hex            28%        N/A       4%          3
 Sting                    Tmut/Pois      36%        1d4       7%          1
 Poisonous Vapours        Pois/Air       18%        N/A       10%         2
 Olgreb's Toxic Radiance  Pois           9%         N/A       54%         4
 Petrify                  Tmut/Erth      9%         N/A       54%         4
 Metabolic Englaciation   Hex/Ice        9%         N/A       63%         5
 Yara's Violent Unravell  Hex/Tmut       9%         3d6       63%         5
 Statue Form              Tmut/Erth      6%         N/A       100%        6


Dungeon Overview and Level Annotations

Branches:
Dungeon (5/15)
 Temple: D:4-7

Altars:
Makhleb

Shops:
D:1 =[=


Message History

Aim: a gnoll, wielding a +0 halberd (84% to hit)
The searing ray hits the gnoll sergeant.
The gnoll sergeant is severely wounded.
The searing ray hits the gnoll!
The gnoll is almost dead. (Press . to maintain the ray.)
The gnoll shouts!
You hear a shout!
The gnoll sergeant completely misses you.
The searing ray hits the gnoll!
You kill the gnoll!
The gnoll sergeant closely misses you.
The gnoll sergeant hits you from afar with a +0 spear.
You finish channelling your searing ray.
The gnoll sergeant hits you from afar with a +0 spear.
The gnoll sergeant closely misses you.
Casting: Searing Ray (safe; 1% risk of failure)
Confirm with . or Enter, or press ? or * to list all spells.
Aiming: Searing Ray (safe; 1% risk of failure)
Press: ? - help, Shift-Dir - straight line, f - gnoll
Aim: a gnoll, wielding a +0 spear (wandering, hasn't noticed you, 84% to hit)
The searing ray hits the gnoll sergeant.
The gnoll sergeant is almost dead.
The searing ray hits the gnoll!
The gnoll is almost dead.
The gnoll shouts! (Press . to maintain the ray.)
The gnoll sergeant misses you.
The gnoll hits you from afar with a +4 halberd!
The searing ray hits the gnoll sergeant.
The gnoll sergeant is almost dead.
The searing ray hits the gnoll.
You kill the gnoll!
The gnoll sergeant hits you from afar with a +0 spear.
* * * LOW HITPOINT WARNING * * *
The gnoll closely misses you.
Okay, then.
The searing ray hits the gnoll sergeant!
You kill the gnoll sergeant!
The gnoll hits you from afar with a +4 halberd!
You die...

.##...>####............<.#
.......######............#
#........).............#
#....#...##...##..##...#
#..............##..###.##
#.......##.............#
#...)......###.#.......# #.#
..........#####.........# #.#
##.......)).@###.......## #.#
#.###.###g#.##........# #.#
.....###.#..#....)...# #.#
.....g..............#####.#
### #...##........###.... ..
#.................... ...
####.#..................
....##....####.>.............
.............................


You could see a gnoll.

Vanquished Creatures
  Eustachio (D:5)
  2 black bears
  2 ogres (D:5)
  A phantom (D:5)
  A gnoll sergeant (D:5)
  A scorpion (D:5)
  A water moccasin skeleton (D:4)
  An orc priest (D:3)
  A hound (D:3)
  A centaur skeleton (D:4)
  An iguana (D:4)
  Robin (D:2)
  4 adders
  2 gnolls (D:5)
  An adder zombie (D:5)
  An adder skeleton (D:4)
  3 worms
  3 dart slugs
  12 orcs
  8 ball pythons
  8 bats
  8 endoplasms
  5 giant cockroaches
  12 goblins
  11 hobgoblins
  4 jackals (D:1)
  2 quokkas (D:3)
  A frilled lizard (D:3)
  5 kobolds
  3 rats
107 creatures vanquished.

Notes
Turn   | Place    | Note
-------+----------+-------------------------------------------
     0 | D:1      | pascalblue the Deep Elf Conjurer began the quest for the
                  | Orb.
     0 | D:1      | Reached XP level 1. HP: 10/10 MP: 6/6
    74 | D:1      | Found Muteekhlo's Jewellery Shop.
   381 | D:1      | Reached XP level 2. HP: 9/15 MP: 1/8
   507 | D:1      | Found a faded altar of an unknown god.
   739 | D:1      | Reached skill level 5 in Conjurations
   750 | D:1      | Learned a level 2 spell: Searing Ray
  1079 | D:1      | Found Jannesef's Antique Armour Boutique.
  1091 | D:1      | Found Uzxuydix's Jewellery Shop.
  1434 | D:2      | Reached XP level 3. HP: 19/19 MP: 6/9
  1537 | D:2      | Noticed Robin
  1542 | D:2      | Killed Robin
  1934 | D:2      | Noticed a black bear
  1937 | D:2      | Killed a black bear
  1938 | D:2      | Reached XP level 4. HP: 20/24 MP: 8/12
  1938 | D:2      | Reached XP level 5. HP: 24/28 MP: 8/13
  2003 | D:2      | Learned a level 4 spell: Fulminant Prism
  2008 | D:2      | Learned a level 4 spell: Iskenderun's Mystic Blast
  2322 | D:3      | Reached skill level 1 in Hexes
  2513 | D:3      | Reached skill level 1 in Translocations
  2716 | D:3      | Found a burning altar of Makhleb.
  2869 | D:4      | Reached XP level 6. HP: 32/32 MP: 10/15
  3563 | D:4      | Reached skill level 5 in Spellcasting
  3922 | D:5      | Entered Level 5 of the Dungeon
  3939 | D:5      | Reached XP level 7. HP: 34/36 MP: 5/18
  4046 | D:5      | Noticed Eustachio
  4195 | D:5      | Killed Eustachio
  4211 | D:5      | Slain by a gnoll

Illustrated notes

Levels and vault maps discovered:
D:1:      dpeg_arrival_arbitrary_c, layout_basic,
          hellmonk_ecumenical_altar_inner_sanctum, serial_shops,
          nicolae_square_shop, nicolae_shop_waterfront, shop
D:2:      layout_loops_ring, uniq_robin
D:3:      minmay_chambers_of_twos, layout_basic,
          mainiacjoe_overflow_surrounded_room, kennysheep_generic_room_5
D:4:      layout_loops_ring, hangedman_feature_mirror
D:5:      layout_rooms, nicolae_uskayaw_murder_on_the_dancefloor,
          portal_sewer_entry_a, uniq_eustachio

Skill      XL: |  1  2  3  4  5  6  7 |
---------------+----------------------+-----
Conjurations   | 5 6 7 |  7.5
Dodging        | 3 |  3.1
Stealth        | 3 |  3.2
Spellcasting   | 4 6 7 |  7.2
Hexes          | 1 2 3 |  3.9
Translocations | 1 2 3 |  3.2

Action                   |  1- 3 |  4- 6 |  7- 9 || total
-------------------------+-------+-------+-------++-------
Melee: Unarmed           |     1 |       |       ||     1
 Cast: Magic Dart        |    72 |   114 |    22 ||   208
       Searing Ray       |     4 |     5 |     9 ||    18
  Use: Scroll            |     3 |     5 |       ||     8
Armor: Robe              |     2 |     4 |       ||     6
Dodge: Dodged            |    17 |    12 |    11 ||    40

Table legend: (Time is in decaauts)
 A = Elapsed time spent in this place.
 B = Non-inter-level travel time spent in this place.
 C = Inter-level travel time spent in this place.
 D = Time resting spent in this place.
 E = Time spent auto-exploring this place.
 F = Levels seen in this place.
 G = Mean time per level.
                   A        B        C        D        E       F      G
               +--------+--------+--------+--------+--------+-----+--------+
         Total |   4208 |   4110 |     98 |      0 |   3492 |   5 |  841.6 |
       Dungeon |   4208 |   4110 |     98 |      0 |   3492 |   5 |  841.6 |
               +--------+--------+--------+--------+--------+-----+--------+

Top non-repeatable levels by time:
     D:1: 1249 daAuts
     D:4: 1059 daAuts
     D:2: 814 daAuts
     D:3: 796 daAuts
     D:5: 288 daAuts
